Map: Ruins of Seras

Players

PiG - Winner!

  • Race: Zerg Zerg
  • League: Grandmaster

NoPinSea (Probe)

  • Race: Protoss Protoss
  • League: Master

Event: 2016 WCS Winter Challenger Oceania SEA

VOD

Have the link to the VOD?

Description

Time

  • Played on: Feb. 12, 2016, 9:32 p.m.
  • Length: 15:28

All games in this series

Show
View Real Time Build Order
Export as new Build Order

PiG Zerg - Winner!

Build Orders: Pool First, Lurkers 

Get SALT Encoding   

  12  0:00  Drone  
  13  0:13  Extractor  
  12  0:25  Spawning Pool  
  11  0:29  Drone  
  11  0:34  Drone  
  13  0:39  Drone  
  14  0:54  Overlord  
  14  1:12  Zergling x4  
  14  1:13  Zergling x2  
  14  1:16  Metabolic Boost  
  17  1:23  Zergling x2  
  18  1:34  Zergling x2  
  18  1:36  Queen  
  21  1:45  Zergling x2  
  22  1:55  Overlord  
  22  2:15  Hatchery  
  22  2:19  Zergling x2  
  22  2:29  Zergling x4  
  24  2:38  Zergling x2  
  25  2:48  Overlord  
  25  2:49  Drone x2  
  27  2:57  Drone  
  28  3:03  Queen  
  30  3:08  Drone  
  31  3:28  Drone x3  
  31  3:31  Drone x3  
  37  3:43  Drone  
  38  3:50  Drone x2  
  40  3:56  Evolution Chamber  
  40  3:57  Baneling Nest  
  40  3:59  Drone  
  38  4:12  Overlord, Drone x2  
  40  4:18  Drone x2  
  41  4:33  Drone x2  
  41  4:36  Hatchery  
  42  4:45  Zergling x10  
  46  4:54  Spore Crawler  
  43  5:01  Queen  
  45  5:12  Zergling x4, Baneling x2  
  45  5:16  Drone x4  
  45  5:20  Zergling x2  
  45  5:21  Drone  
  49  5:22  Spore Crawler  
  47  5:33  Drone  
  47  5:35  Drone x2  
  49  5:36  Drone  
  50  5:43  Spore Crawler  
  49  5:52  Overlord x2  
  49  5:53  Lair  
  49  5:56  Extractor  
  47  6:01  Overlord x3  
  47  6:02  Drone x2  
  47  6:23  Queen  
  47  6:24  Queen  
  47  6:25  Drone x7  
  56  6:28  Drone x2  
  58  6:38  Extractor  
  58  6:39  Drone x6, Extractor  
  62  6:46  Zerg Missile Weapons Level 1  
  62  6:49  Zergling x4  
  64  6:55  Drone x2  
  64  6:59  Spore Crawler  
  65  7:05  Extractor  
  65  7:06  Drone  
  65  7:07  Drone x2  
  65  7:08  Drone, Hydralisk Den  
  67  7:14  Drone x2  
  69  7:21  Overlord  
  69  7:22  Zergling x4  
  71  7:27  Zergling x4  
  71  7:31  Zergling x6  
  72  7:38  Drone  
  72  7:40  Drone x2  
  74  7:44  Muscular Augments  
  74  7:45  Overlord x4  
  74  7:53  Roach Warren  
  74  7:54  Pneumatized Carapace  
  73  8:04  Drone x3  
  73  8:05  Drone x3, Extractor  
  77  8:07  Extractor  
  77  8:08  Drone x2  
  77  8:09  Drone, Hatchery  
  77  8:12  Drone  
  76  8:20  Drone  
  76  8:25  Queen  
  78  8:27  Overlord x2  
  78  8:28  Hydralisk x6  
  90  8:37  Hydralisk x2  
  94  8:42  Hydralisk  
  94  8:43  Hydralisk x3  
  94  8:47  Hydralisk x2  
  105  8:55  Drone x3  
  108  8:59  Zerg Missile Weapons Level 2  
  108  9:08  Hydralisk x5  
  118  9:17  Glial Reconstitution  
  118  9:20  Roach x2  
  121  9:25  Overlord  
  121  9:26  Overlord  
  121  9:27  Extractor  
  121  9:30  Extractor  
  119  9:31  Roach  
  119  9:32  Roach x3  
  119  9:36  Overlord x2  
  119  9:37  Overlord x3  
  127  9:41  Overseer  
  126  9:58  Zergling x8  
  130  10:00  Roach x7  
  130  10:06  Roach x5  
  154  10:26  Drone x3  
  154  10:27  Drone x3  
  153  10:31  Roach x3  
  153  10:34  Drone  
  159  10:45  Lurker Den  
  159  10:47  Drone  
  159  10:49  Overlord x3, Infestation Pit  
  159  11:03  Ravager x5  
  150  11:05  Drone x7  
  150  11:06  Drone x2  
  150  11:07  Drone  
  157  11:19  Hatchery  
  157  11:24  Roach x4  
  157  11:25  Roach x4  
  165  11:28  Hive  
  165  11:29  Zerg Ground Armor Level 1  
  147  11:33  Roach x2  
  147  11:34  Roach x4  
  134  11:53  Zergling x6  
  132  12:00  Hydralisk x6  
  132  12:01  Hydralisk x5  
  154  12:09  Overseer  
  154  12:11  Drone x2  
  156  12:21  Hydralisk x3  
  156  12:22  Hydralisk  
  164  12:23  Overlord x3  
  164  12:29  Spire, Drone  
  165  12:30  Drone x3  
  165  12:34  Overlord x2  
  167  12:44  Ravager x2  
  167  12:45  Ravager x4  
  171  13:15  Extractor  
  171  13:16  Spine Crawler, Extractor, Spore Crawler  
  151  13:34  Hatchery  
  151  13:41  Zergling x6  
  149  13:42  Zergling x2  
  149  13:46  Mutalisk x5  
  149  13:47  Mutalisk x12  
  185  13:58  Greater Spire  
  185  14:00  Overseer  
  185  14:05  Evolution Chamber  
  184  14:17  Hydralisk x4  
  184  14:19  Lurker x2  
  184  14:20  Lurker  
  189  14:33  Lurker x3  
  189  14:34  Spine Crawler, Overseer  
  189  14:36  Spine Crawler  
  189  14:37  Spine Crawler  
Show
View Real Time Build Order
Export as new Build Order

NoPinSea Protoss 

Build Orders: 1 Gate Expand 

Get SALT Encoding   

  12  0:01  Probe (Chrono Boost)  
  13  0:11  Probe (Chrono Boost)  
  14  0:19  Pylon  
  14  0:23  Probe (Chrono Boost)  
  15  0:37  Probe (Chrono Boost)  
  15  0:38  Gateway  
  16  0:47  Probe (Chrono Boost)  
  17  0:52  Assimilator  
  17  0:58  Probe (Chrono Boost)  
  18  1:08  Probe (Chrono Boost)  
  19  1:22  Nexus  
  19  1:26  Probe (Chrono Boost)  
  20  1:35  Cybernetics Core  
  20  1:39  Probe (Chrono Boost)  
  21  1:44  Assimilator  
  21  1:53  Pylon  
  22  2:00  Zealot (Chrono Boost)  
  22  2:12  Mothership Core (Chrono Boost)  
  24  2:19  Pylon  
  24  2:25  Zealot  
  26  2:31  Probe (Chrono Boost), Warp Gate (Chrono Boost)  
  26  2:34  Probe (Chrono Boost)  
  28  2:41  Probe (Chrono Boost)  
  29  2:50  Gateway  
  29  2:52  Sentry (Chrono Boost)  
  29  2:53  Gateway  
  31  3:08  Pylon  
  31  3:27  Stargate  
  31  3:28  Adept (Chrono Boost)  
  33  3:45  Pylon  
  32  4:02  Nexus  
  32  4:05  Pylon  
  32  4:11  Oracle (Chrono Boost)  
  35  4:20  Nexus  
  35  4:30  Adept x3  
  41  4:34  Probe  
  42  4:44  Oracle (Chrono Boost)  
  45  5:03  Stalker, Adept  
  48  5:14  Probe  
  49  5:22  Phoenix (Chrono Boost)  
  49  5:27  Probe  
  48  5:31  Probe (Chrono Boost)  
  45  5:39  Probe (Chrono Boost)  
  46  5:43  Probe (Chrono Boost), Zealot  
  50  5:50  Probe (Chrono Boost)  
  50  5:54  Probe (Chrono Boost)  
  51  6:00  Probe (Chrono Boost)  
  51  6:01  Phoenix  
  55  6:04  Probe (Chrono Boost)  
  55  6:09  Adept  
  55  6:11  Probe (Chrono Boost)  
  58  6:15  Probe (Chrono Boost)  
  59  6:21  Probe (Chrono Boost)  
  59  6:25  Probe (Chrono Boost)  
  61  6:27  Adept x2  
  61  6:32  Probe (Chrono Boost)  
  66  6:36  Probe (Chrono Boost)  
  67  6:42  Probe (Chrono Boost)  
  67  6:46  Probe (Chrono Boost)  
  69  6:53  Probe (Chrono Boost)  
  70  6:58  Nexus  
  70  6:59  Pylon  
  70  7:04  Pylon  
  70  7:17  Phoenix  
  70  7:18  Probe x2 (Chrono Boost)  
  71  7:28  Probe x2 (Chrono Boost)  
  67  7:39  Probe (Chrono Boost)  
  67  7:42  Gateway, Phoenix  
  67  7:43  Gateway  
  66  7:46  Gateway  
  66  7:52  Probe (Chrono Boost)  
  66  7:53  Robotics Facility  
  66  7:56  Sentry x2  
  66  7:57  Pylon  
  71  8:03  Probe x2 (Chrono Boost)  
  73  8:07  Forge, Phoenix, Assimilator  
  73  8:08  Assimilator  
  75  8:14  Adept  
  75  8:15  Probe (Chrono Boost)  
  75  8:18  Probe (Chrono Boost)  
  75  8:28  Adept x2  
  75  8:32  Phoenix  
  81  8:35  Twilight Council  
  81  8:37  Probe x3 (Chrono Boost)  
  84  8:46  Probe (Chrono Boost)  
  85  8:50  Immortal (Chrono Boost)  
  85  8:54  Assimilator x2  
  87  9:09  Charge (Chrono Boost)  
  87  9:10  Pylon  
  87  9:13  Adept x3  
  93  9:21  Protoss Ground Weapons Level 1 (Chrono Boost)  
  93  9:27  Immortal  
  93  9:31  Gateway x2  
  93  9:33  Gateway  
  97  9:42  Nexus  
  97  9:53  Adept x2  
  101  10:00  Robotics Facility  
  101  10:01  Immortal  
  101  10:03  Adept  
  107  10:11  Templar Archives  
  105  10:14  Zealot x2  
  105  10:19  Pylon  
  104  10:29  Adept x4  
  104  10:34  Pylon  
  108  10:36  Pylon  
  108  10:42  Zealot x2  
  106  10:43  Immortal (Chrono Boost)  
  106  10:47  Observer (Chrono Boost)  
  109  10:50  Adept, Zealot  
  109  10:51  Zealot  
  115  11:08  Adept x2  
  117  11:12  Observer (Chrono Boost)  
  117  11:13  Adept  
  118  11:23  Adept x3  
  114  11:31  Adept x2  
  104  11:34  Zealot  
  104  11:35  Warp Prism (Chrono Boost)  
  91  11:45  Zealot x2  
  83  11:51  Immortal (Chrono Boost)  
  87  12:00  Nexus  
  87  12:04  High Templar x3  
  87  12:07  Immortal (Chrono Boost)  
  97  12:11  Archon  
  97  12:13  High Templar x3  
  97  12:14  Protoss Ground Weapons Level 2  
  101  12:20  Archon x2  
  99  12:27  Immortal (Chrono Boost)  
  101  12:36  High Templar  
  101  12:37  High Templar  
  105  12:39  Zealot  
  105  12:40  Archon  
  105  12:42  Immortal (Chrono Boost)  
  109  12:48  Zealot x2  
  109  12:49  Zealot  
  115  13:03  Nexus, Immortal (Chrono Boost)  
  119  13:12  Sentry x2  
  118  13:17  Zealot x4  
  118  13:19  Immortal (Chrono Boost)  
  117  13:38  Observer (Chrono Boost)  
  111  13:42  Stalker  
  111  13:44  Sentry x4  
  121  13:54  Observer (Chrono Boost)  
  122  13:56  Zealot  
  122  14:12  Nexus  
  122  14:16  Immortal x2 (Chrono Boost)  
  130  14:20  Zealot  
  132  14:33  Pylon  
  132  14:36  Pylon  
  132  14:38  Pylon  
  132  14:40  Zealot  
  130  14:46  Stalker  
  121  14:54  Stalker x4  
  58  15:14  Stalker x2  
Tags
 
Add a new tag
Caveats
  • Supply blocks, unpowered buildings, or Contaminate may cause inaccurate times.
  • Supply counts are checked every 10 seconds.